 Dungeon Crawl Stone Soup version 0.13.0-25-g43d4df3 (webtiles) character file.

7572 Impy the Nimble (level 10, -2/66 (69) HPs)
             Began as a Demonspawn Gladiator on Oct 30, 2013.
             Was a High Priest of Okawaru.
             Killed from afar by an electric eel (5 damage)
             ... with a bolt of electricity
             ... on Level 10 of the Dungeon.
             The game lasted 00:39:57 (8804 turns).

Impy the Nimble (Demonspawn Gladiator)              Turns: 8804, Time: 00:39:57

HP  -2/66 (69)   AC 13     Str 15      XL: 10   Next: 87%
MP   9/9         EV 21     Int 13      God: Okawaru [*****.]
Gold 364         SH  0     Dex 14      Spells:  0 memorised,  9 levels left

Res.Fire  : . . .   See Invis. : .   B - +5,+3 scythe (slice)
Res.Cold  : . . .   Warding    : .   K - +1 troll leather armour
Life Prot.: . . .   Conserve   : .   (no shield)
Res.Poison: .       Res.Corr.  : .   (helmet unavailable)
Res.Elec. : .       Clarity    : .   h - +0 cloak
Sust.Abil.: . .     Spirit.Shd : .   R - +0 pair of gloves
Res.Mut.  : +       Stasis     : .   o - +2 pair of boots (curse)
Res.Rott. : .       Flight     : .   c - cursed amulet of resist mutation
Saprovore : + . .                    D - ring of regeneration
                                     s - +3 ring of evasion

@: about to teleport, very slightly contaminated, hasted, very quick, somewhat
resistant to hostile enchantments, unstealthy
A: horns 3, saprovore 1, AC +3
a: Heroism, Finesse, Renounce Religion


You were on level 10 of the Dungeon.
You worshipped Okawaru.
Okawaru was extremely pleased with you.
You were not hungry.

You visited 2 branches of the dungeon, and saw 11 of its levels.

You collected 344 gold pieces.

Inventory:

Hand weapons
 a - a +1,+1 trident
 d - a +1,+1 whip of electrocution
 B - a +5,+3 scythe of slicing (weapon)
 S - the +10,+4 halberd of Honour {freeze, rN+, unknown}
   (Okawaru gifted it to you on level 10 of the Dungeon)

   It has been specially enchanted to freeze those struck by it, causing extra
   injury to most foes and up to double damage against particularly susceptible
   opponents.
   It can also slow down cold-blooded creatures.
   It protects you from negative energy.
Missiles
 H - a javelin (quivered)
Armour
 h - a +0 cloak (worn)
 o - a cursed +2 pair of boots (worn)
 K - a +1 troll leather armour (worn)
 R - a +0 pair of gloves (worn)
Magical devices
 e - a wand of polymorph (9)
 p - a wand of teleportation (6)
 x - a wand of magic darts (6)
 C - a wand of confusion (10)
 G - a wand of teleportation (5)
 I - a wand of flame (3)
 L - a wand of confusion (20)
 N - a wand of teleportation (4)
 O - a wand of cold (3)
Comestibles
 b - 3 chunks of shark flesh
 f - 4 bread rations
 q - a pear
 t - a snozzcumber
 u - 5 rotting chunks of troll flesh
 A - 3 meat rations
 P - 2 apples
 T - a rambutan
Scrolls
 j - 3 scrolls of enchant weapon II
 k - 2 scrolls of enchant weapon I
 l - a scroll of magic mapping
 w - a scroll of amnesia
 y - 2 scrolls of remove curse
 z - 3 scrolls of teleportation
 M - a scroll of enchant weapon III
Jewellery
 c - a cursed amulet of resist mutation (around neck)
 m - an uncursed ring of invisibility
 s - a +3 ring of evasion (left hand)
 D - a ring of regeneration (right hand)
 E - a +2 ring of evasion
 F - an uncursed ring of sustain abilities
Potions
 n - a potion of speed
 J - a potion of brilliance
Books
 g - a book of Debilitation

   Spells                             Type                      Level
   Corona                             Hexes                        1
   Slow                               Hexes                        2
   Inner Flame                        Hexes/Fire                   3
   Enslavement                        Hexes                        4
   Cause Fear                         Hexes                        4
   Leda's Liquefaction                Hexes/Earth                  4
Magical staves
 v - an uncursed staff of death


   Skills:
 - Level 2.0 Fighting
 + Level 11.0 Polearms
 - Level 1.7 Throwing
 + Level 11.2 Dodging


You had 9 spell levels left.
You didn't know any spells.

Dungeon Overview and Level Annotations

Branches:
Dungeon (10/27)            Temple (1/1) D:4             Orc (0/4) D:10
   Lair (0/8) D:9

Altars:
Elyvilon
Kikubaaqudgha
Makhleb
Okawaru
Sif Muna
Trog
Vehumet
Xom
Yredelemnul
the Shining One
Beogh


Innate Abilities, Weirdness & Mutations

You have a pair of large horns on your head.
You are mostly covered in yellow scales (AC +3).
You can tolerate rotten meat.


Message History

You feel yourself speed up.
The electric eel shoots out a bolt of electricity!
The bolt of electricity hits you!
* * * LOW HITPOINT WARNING * * *
You are very lightly contaminated with residual magic.
Attack whom?
Press: ? - help, Dir - move target cursor, f - electric eel, p - electric eel
Aim: an electric eel You reach to attack!
You barely miss the electric eel.
The electric eel shoots out a bolt of electricity!
The bolt of electricity misses you.
Read which item? (? for menu, Esc to quit)
As you read the scroll of teleportation, it crumbles to dust.
You feel strangely unstable.
The electric eel shoots out a bolt of electricity!
The bolt of electricity hits you!
* * * LOW HITPOINT WARNING * * *
The electric eel shoots out a bolt of electricity!
The bolt of electricity hits you!
You die...

##..####...###........_.#.....#
##.....#.#......##.......))...>#
#........##....###....####<....##
#....#...##.....#..)..>#####....#
#....##..#...........≈..#..#.....
......(...........≈≈≈≈≈..........
#.............<...≈≈≈≈≈.......#.#
####.........%......≈≈≈......##..
## #......%.....@...≈≈≈..........
.###................≈≈≈≈.........
.)..................≈≈≈........).
...........?........≈≈...........
.............≈;.....≈≈..<.......#
.##........≈;;≈..................
###........≈≈≈{≈≈................
##..........≈.................#..
.............<###.#...#.......#..


You could see a giant goldfish and 2 electric eels.

Vanquished Creatures
  Erica (D:10)
  Pikel (D:5)
  A hill giant (D:10)
  A wandering mushroom (D:9)
  Prince Ribbit (D:6)
  3 trolls
  A two-headed ogre (D:10)
  2 sharks (D:10)
  3 yaks (D:9)
  3 hippogriffs
  A manticore (D:10)
  Menkaure (D:5)
  A necrophage (D:7)
  3 slaves (D:5)
  3 ice beasts
  An orc warrior (D:6)
  A phantom (D:9)
  5 ogres
  3 centaurs
  Sigmund (D:7)
  A crocodile (D:9)
  A big kobold (D:9)
  Blork the orc (D:5)
  2 giant frogs
  A yak zombie (D:10)
  A wight (D:5)
  A goliath beetle (D:6)
  4 jellies
  9 crimson imps
  5 hounds
  A big fish (D:10)
  A centaur skeleton (D:4)
  A giant frog skeleton (D:8)
  2 orc priests (D:10)
  5 orc wizards
  5 worker ants
  A mottled dragon skeleton (D:10)
  2 mummies
  A worker ant zombie (D:10)
  7 gnolls
  9 adders
  A giant centipede (D:10)
  An inept feature mimic (D:5)
  2 giant mites
  A goliath beetle zombie (D:7)
  6 worms
  6 giant eyeballs
  5 giant geckos
  An ooze (D:3)
  32 orcs
  A bat zombie (D:7)
  14 goblins
  20 hobgoblins
  2 jackals (D:3)
  22 bats
  7 giant cockroaches
  7 giant newts
  A hobgoblin skeleton (D:5)
  20 kobolds
  2 orc skeletons
  2 quokkas
  18 rats
269 creatures vanquished.

Notes
Turn   | Place    | Note
--------------------------------------------------------------
     0 | D:1      | Impy, the Demonspawn Gladiator, began the quest for the Orb.
     0 | D:1      | Reached XP level 1. HP: 17/17 MP: 0/0
    88 | D:1      | Reached skill level 3 in Dodging
   117 | D:1      | Gained mutation: You are partially covered in yellow scales (AC +2). [demonic ancestry]
   117 | D:1      | Reached XP level 2. HP: 18/23 MP: 1/1
   610 | D:2      | Gained mutation: You have a pair of small horns on your head. [demonic ancestry]
   610 | D:2      | Reached XP level 3. HP: 8/28 MP: 2/2
  1089 | D:2      | Reached XP level 4. HP: 22/35 MP: 3/3
  1247 | D:2      | Found a bloodstained altar of Trog.
  1535 | D:3      | Reached skill level 4 in Dodging
  1854 | D:3      | Found a radiant altar of Vehumet.
  2046 | D:4      | Reached XP level 5. HP: 40/40 MP: 4/4
  2058 | D:4      | Found a staircase to the Ecumenical Temple.
  2069 | Temple   | Entered the Ecumenical Temple
  2093 | Temple   | Became a worshipper of Warmaster Okawaru
  2282 | D:4      | Paralysed by a giant eyeball for 2 turns
  2637 | D:4      | Found a deep blue altar of Sif Muna.
  2703 | D:4      | Gained mutation: You have a pair of horns on your head. [demonic ancestry]
  2703 | D:4      | Reached XP level 6. HP: 46/46 MP: 5/5
  2762 | D:4      | Noticed a centaur
  2774 | D:4      | Killed a centaur
  2774 | D:4      | Reached skill level 5 in Dodging
  2895 | D:5      | Entered Level 5 of the Dungeon
  2997 | D:5      | Reached skill level 5 in Polearms
  3060 | D:5      | Acquired Okawaru's first power
  3248 | D:5      | Noticed Pikel
  3265 | D:5      | Killed Pikel
  3265 | D:5      | Reached skill level 6 in Polearms
  3265 | D:5      | Gained mutation: You are mostly covered in yellow scales (AC +3). [demonic ancestry]
  3265 | D:5      | Reached XP level 7. HP: 24/51 MP: 6/6
  3645 | D:5      | Noticed Menkaure
  3653 | D:5      | Killed Menkaure
  3653 | D:5      | Gained mutation: You have a pair of large horns on your head. [demonic ancestry]
  3653 | D:5      | Reached XP level 8. HP: 34/58 MP: 4/7
  3678 | D:5      | Noticed Blork the orc
  3700 | D:5      | Killed Blork the orc
  3999 | D:5      | Reached skill level 7 in Dodging
  4199 | D:5      | Found a burning altar of Makhleb.
  4199 | D:5      | Found a shimmering altar of Xom.
  4735 | D:6      | Found a white marble altar of Elyvilon.
  4795 | D:6      | Noticed Prince Ribbit
  4820 | D:6      | Killed Prince Ribbit
  4820 | D:6      | Reached skill level 8 in Dodging
  4925 | D:6      | Gained mutation: You can tolerate rotten meat. [demonic ancestry]
  4925 | D:6      | Reached XP level 9. HP: 53/63 MP: 8/8
  5662 | D:7      | Paralysed by a giant eyeball for 3 turns
  5665 | D:7      | Noticed Sigmund
  5769 | D:7      | Found a burning altar of Makhleb.
  5841 | D:7      | Killed Sigmund
  6103 | D:7      | Reached skill level 9 in Dodging
  6896 | D:8      | Paralysed by a giant eyeball for 4 turns
  7289 | D:9      | Found a shimmering altar of Xom.
  7375 | D:9      | Found a staircase to the Lair.
  7387 | D:9      | Reached XP level 10. HP: 69/69 MP: 9/9
  7617 | D:9      | Reached skill level 10 in Dodging
  7698 | D:9      | Reached skill level 10 in Polearms
  8041 | D:10     | Entered Level 10 of the Dungeon
  8044 | D:10     | Noticed Erica
  8096 | D:10     | Found a bloodstained altar of Trog.
  8108 | D:10     | Killed Erica
  8108 | D:10     | Acquired Okawaru's second power
  8273 | D:10     | Noticed a hill giant
  8289 | D:10     | Killed a hill giant
  8292 | D:10     | Received a gift from Okawaru
  8293 | D:10     | Got a twisted halberd {god gift}
  8355 | D:10     | Reached skill level 11 in Dodging
  8533 | D:10     | Found a staircase to the Orcish Mines.
  8550 | D:10     | Found a roughly hewn altar of Beogh.
  8802 | D:10     | HP: 2/66 [electric eel/bolt of electricity (6)]
  8804 | D:10     | Killed from afar by an electric eel

Action                   |  1- 3 |  4- 6 |  7- 9 | 10-12 || total
-------------------------+-------+-------+-------+-------++-------
Melee: Trident           |   119 |   255 |   289 |       ||   663
       Scythe            |       |       |   160 |   178 ||   338
Throw: Throwing net      |     3 |     3 |     1 |       ||     7
       Javelin           |     2 |       |    11 |       ||    13
Invok: Heroism           |       |       |     5 |     3 ||     8
Evoke: Wand              |       |     1 |     8 |    11 ||    20
  Use: Scroll            |     5 |     7 |    15 |     6 ||    33
       Potion            |     1 |     4 |     5 |     9 ||    19
 Stab: Held in net/web   |       |     4 |     3 |       ||     7
       Sleeping          |       |     1 |     3 |       ||     4
       Confused          |       |       |     1 |       ||     1
